 Dungeon Crawl Stone Soup version 0.25-a0-41-g6cf4ce5 (webtiles) character file.

Game seed: 1963988331422572262, levelgen mode: deterministic

6325 qdestroyer the Spear-Bearer (level 10, 0/136 HPs)
             Began as a Minotaur Berserker on Oct 21, 2019.
             Was a High Priest of Trog.
             Slain by an orc warrior
             ... wielding a cursed +0 trident
              (13 damage)
             ... on level 9 of the Dungeon on Oct 22, 2019.
             The game lasted 00:18:12 (5809 turns).

qdestroyer the Spear-Bearer (Minotaur Berserker)    Turns: 5809, Time: 00:18:13

Health: 0/136      AC: 20    Str: 29    XL:     10   Next: 64%
Magic:  9/9        EV:  9    Int:  4    God:    Trog [*****.]
Gold:   404        SH:  0    Dex: 11    Spells: 9/9 levels left

rFire    . . .     SeeInvis .   A - +2 trident (pierce)
rCold    . . .     Gourm    .   (no shield)
rNeg     + . .     Faith    .   C - +0 plate armour
rPois    +         Spirit   .   H - +2 hat {MR+}
rElec    .         Reflect  .   i - +0 cloak
rCorr    .         Harm     .   a - +0 pair of gloves
MR       +++..                  E - +0 pair of boots
Stlth    ..........             (no amulet)
HPRegen  1.32/turn              b - ring of poison resistance
MPRegen  0.11/turn              e - ring of positive energy

@: berserking (expiring), regenerating, very quick
A: retaliatory headbutt, horns 2
a: Berserk, Trog's Hand, Brothers in Arms, Renounce Religion


You were on level 9 of the Dungeon.
You worshipped Trog.
Trog was extremely pleased with you.
You were near starving.

You visited 1 branch of the dungeon, and saw 9 of its levels.
You also visited: Sewer.

You collected 404 gold pieces.

Inventory:

Hand Weapons
 t - a +0 flail
 A - a +2 trident of piercing (weapon)
Armour
 a - a +0 pair of gloves (worn)
 i - a +0 cloak (worn)
 C - a +0 plate armour (worn)
 E - a +0 pair of boots (worn)
 H - a +2 hat of magic resistance (worn)
Jewellery
 b - a ring of poison resistance (left hand)
 e - a ring of positive energy (right hand)
 F - a +6 ring of intelligence {unknown}
Wands
 u - a wand of flame (11)
 v - a wand of paralysis (27)
 x - a wand of random effects (8)
Scrolls
 f - 4 scrolls of remove curse
 g - 6 scrolls of magic mapping
 h - a scroll of noise {unknown}
 m - a scroll of enchant weapon
 q - 2 scrolls of fog
 y - a scroll of blinking
Potions
 d - 6 potions of might
 j - 5 potions of magic
 k - 3 potions of curing
 l - 2 potions of heal wounds
 n - 2 potions of invisibility
 o - a potion of lignification
 p - 5 potions of brilliance
 r - a potion of cancellation
 s - a potion of agility
 w - 4 potions of haste
 z - 2 potions of flight
 B - a potion of resistance
 D - a potion of berserk rage {unknown}
 G - a potion of mutation {unknown}
Comestibles
 c - 15 rations


   Skills:
 + Level 9.2 Fighting
   Level 8.6(11.2) Axes
 + Level 11.4(12.4) Polearms
 + Level 10.1 Armour
 + Level 3.7 Dodging
 + Level 0.3 Stealth


You had 9 spell levels left.
You didn't know any spells.
Your spell library was empty.

Dungeon Overview and Level Annotations

Branches:
Dungeon (9/15)             Temple (0/1) D:7           Sewer (visited)
   Lair: D:8-11         Orc: D:9-12

Altars:
Ashenzari
Dithmenos
Elyvilon
Hepliaklqana
Kikubaaqudgha
Makhleb
Nemelex Xobeh
Qazlal
Ru
Trog
Uskayaw
Wu Jian
The Shining One

Shops:
D:4 [   D:7 :

Annotations:
D:4 Eustachio


Innate Abilities, Weirdness & Mutations

You reflexively headbutt those who attack you in melee.
You have a pair of horns on your head.


Message History

The orc warrior hits you from afar with a cursed +0 trident!
* * * LOW HITPOINT WARNING * * *
You hit the ice beast but do no damage.
The ice beast is almost dead.
Your plate armour prevents you from hitting the ice beast.
You headbutt the ice beast.
You kill the ice beast!
Trog accepts your kill.
You puncture the orc!
You feel the power of Trog in you as your rage grows.
You kill the orc!
Trog accepts your kill.
The orc warrior hits you from afar with a cursed +0 trident.
* * * LOW HITPOINT WARNING * * *
You feel a strong urge to attack something.
You feel your anger nearly subside.
You hit the orc warrior.
The orc warrior is lightly wounded.
The orc warrior hits you with a cursed +0 trident!
You die...

## ##8# #...#
.....##########
..........#...#######
......)...'..........
#.)..)#@#.#.####
#....)o.#....#
###########..#######
....#######........#
#.........######.#
#.........#
#.........#
#########.####.#
#.........# #.#


You could see an orc warrior.

Vanquished Creatures
  Gastronok (D:8)
  Pikel (D:6)
  A hippogriff (D:9)
  Sigmund (D:6)
  Duvessa (D:4)
  5 orc warriors (D:9)
  3 slaves (D:6)
  An ice beast (D:9)
  3 ogres
  4 phantoms
  A sky beast (D:5)
  A hornet zombie (D:8)
  3 centaurs
  A crocodile (D:8)
  A big kobold (D:5)
  3 bullfrogs
  A gnoll sergeant (D:8)
  Dowan (D:4)
  4 wights (D:7)
  2 howler monkeys (D:9)
  A crimson imp (D:5)
  A centaur zombie (D:8)
  4 hounds
  3 jellies (D:8)
  A gnoll shaman (D:7)
  7 orc priests
  A bullfrog skeleton (D:5)
  2 centaur skeletons
  An iguana (D:6)
  8 orc wizards
  5 worker ants
  A hound skeleton (D:4)
  14 gnolls
  17 adders
  A howler monkey skeleton (D:4)
  9 river rats (Sewer)
  8 oozes
  2 adder zombies
  3 adder skeletons
  4 worms
  A dart slug (D:3)
  5 leopard geckos
  32 orcs
  14 ball pythons
  7 bats
  5 giant cockroaches
  10 goblins
  8 hobgoblins
  6 jackals
  8 kobolds
  3 quokkas
  7 frilled lizards
  32 rats
270 creatures vanquished.

Vanquished Creatures (others)
  A leopard gecko (D:6)
1 creature vanquished.

Grand Total: 271 creatures vanquished

Notes
Turn   | Place    | Note
-------+----------+-------------------------------------------
     0 | D:1      | qdestroyer the Minotaur Berserker began the quest for the
                  | Orb.
     0 | D:1      | Reached XP level 1. HP: 19/19 MP: 0/0
   126 | D:1      | Reached XP level 2. HP: 17/27 MP: 1/1
   594 | D:2      | Reached ** piety under Trog
   618 | D:2      | Reached XP level 3. HP: 29/33 MP: 2/2
   869 | D:2      | Found a white marble altar of Elyvilon.
   964 | D:2      | Found an ornate altar of the Wu Jian Council.
  1024 | D:2      | Reached XP level 4. HP: 34/41 MP: 3/3
  1105 | D:2      | Found a faded altar of an unknown god.
  1171 | D:2      | Reached skill level 5 in Fighting
  1175 | D:2      | Reached skill level 5 in Axes
  1348 | D:2      | Found a shattered altar of Ashenzari.
  1464 | D:3      | Found a sacrificial altar of Ru.
  1594 | D:3      | Reached XP level 5. HP: 48/48 MP: 4/4
  1597 | D:3      | Reached *** piety under Trog
  1890 | D:3      | Found a burning altar of Makhleb.
  2164 | D:4      | Reached XP level 6. HP: 52/56 MP: 5/5
  2226 | D:4      | Reached skill level 5 in Armour
  2262 | D:4      | Found a glowing drain.
  2297 | Sewer    | Entered a sewer
  2318 | Sewer    | Reached XP level 7. HP: 43/61 MP: 6/6
  2349 | Sewer    | Reached **** piety under Trog
  2891 | D:4      | Noticed Eustachio
  2896 | D:4      | Noticed Duvessa
  2896 | D:4      | Noticed Dowan
  2905 | D:4      | Killed Duvessa
  2908 | D:4      | Killed Dowan
  2928 | D:4      | Reached XP level 8. HP: 65/71 MP: 7/7
  2952 | D:4      | Found a hide-covered altar of Uskayaw.
  3004 | D:4      | You fall into a shaft and drop 2 floors!
  3005 | D:6      | Noticed Sigmund
  3030 | D:6      | Killed Sigmund
  3128 | D:6      | Found a shadowy altar of Dithmenos.
  3180 | D:5      | Entered Level 5 of the Dungeon
  3301 | D:4      | Found an ancient bone altar of Kikubaaqudgha.
  3399 | D:4      | Reached skill level 1 in Polearms
  3414 | D:4      | Found Mocyed's Antique Armour Shoppe.
  3528 | D:5      | Reached ***** piety under Trog
  3567 | D:5      | Reached skill level 2 in Polearms
  3583 | D:5      | Found a sparkling altar of Nemelex Xobeh.
  3698 | D:5      | Found a stormy altar of Qazlal.
  3716 | D:5      | Reached skill level 3 in Polearms
  3812 | D:5      | Received a gift from Trog
  3823 | D:5      | Reached skill level 4 in Polearms
  4183 | D:6      | Noticed Pikel
  4204 | D:6      | Killed Pikel
  4204 | D:6      | Reached skill level 5 in Polearms
  4204 | D:6      | Reached XP level 9. HP: 80/80 MP: 8/8
  4345 | D:6      | Found a glowing golden altar of the Shining One.
  4608 | D:7      | Reached skill level 6 in Polearms
  4725 | D:7      | Reached skill level 7 in Polearms
  4732 | D:7      | Found a hazy altar of Hepliaklqana.
  4733 | D:7      | Found a staircase to the Ecumenical Temple.
  4755 | D:7      | Found Causuemi's Book Emporium.
  4803 | D:7      | Found a bloodstained altar of Trog.
  4823 | D:7      | Received a gift from Trog
  5208 | D:8      | Reached skill level 8 in Polearms
  5224 | D:8      | Noticed Gastronok
  5248 | D:8      | Killed Gastronok
  5248 | D:8      | Reached skill level 10 in Polearms
  5248 | D:8      | Reached XP level 10. HP: 57/90 MP: 9/9
  5566 | D:8      | Noticed a moth of wrath
  5569 | D:8      | Found a bloodstained altar of Trog.
  5676 | D:9      | Reached skill level 10 in Armour
  5709 | D:9      | Reached skill level 11 in Polearms
  5809 | D:9      | Slain by an orc warrior

Levels and vault maps discovered:
D:1:      dpeg_arrival_rhombus, layout_rooms, minmay_octomino_e4
D:2:      layout_loops_ring, marbit_many_paths, lemuel_doored_altar,
          lemuel_crystal_altar, chequers_ecumenical_altar_grove
D:3:      layout_loops_ring, lemuel_round_altar, makhleb_heckhound_becter,
          first_ration
D:4:      layout_gridville, overflow_temple_1_default,
          kiku_gazebo_garden_becter, serial_shops, shop,
          cheibrodos_sewer_entry_sluice, uniq_duvessa, uniq_eustachio
D:5:      layout_cave_pods, nemelex_xobeh_ov_fountains_minmay,
          nicolae_qazlal_general_emergency
D:6:      layout_rooms, nicolae_tso_carved_into_rock,
          nicolae_overflow_crystal_walls, uniq_pikel, uniq_sigmund
D:7:      layout_rooms, old_standard_altar, minmay_temple_entry_proselytizer,
          serial_shops, nicolae_shop_window_shopping, basic_altar
D:8:      layout_cave_pools, hangedman_little_slice_of_home, tgw_trog,
          uniq_gastronok
D:9:      layout_basic, dpeg_lair_monsters, david_orc_4, hangedman_misty_isle

Skill      XL: |  1  2  3  4  5  6  7  8  9 10 |
---------------+-------------------------------+-----
Fighting       | 4 5 6 7 8 9 |  9.2
Axes           | 4 5 6 8 |  8.6
Armour         | 3 4 5 6 8 9 10 | 10.1
Dodging        | 3 |  3.7
Polearms       | 5 10 11 | 11.4
Stealth        | |  0.3

Action                   |  1- 3 |  4- 6 |  7- 9 | 10-12 || total
-------------------------+-------+-------+-------+-------++-------
Melee: Hand axe          |    99 |   118 |   191 |       ||   408
       Headbutt          |     7 |    26 |    61 |    24 ||   118
       Trident           |       |       |   225 |   160 ||   385
Invok: Berserk           |       |     2 |    10 |     1 ||    13
       Trog's Hand       |       |       |     4 |     1 ||     5
  Use: Scroll            |     5 |     1 |    20 |       ||    26
 Stab: Sleeping          |       |       |     1 |       ||     1
  Eat: Chunk             |       |     6 |     6 |       ||    12
       Ration            |       |       |     4 |     1 ||     5
Armor: Animal skin       |     2 |       |       |       ||     2
       Chain mail        |    52 |    42 |   145 |       ||   239
       Plate armour      |       |       |    86 |    54 ||   140
Dodge: Dodged            |    57 |    51 |   166 |    34 ||   308

Table legend:
 A = Non-vault XP
 B = Vault XP
 C = Vault XP percentage of total XP
 D = Non-vault monster count
 E = Vault monster count
 F = Vault count percentage of total count
                 A         B        C        D         E       F
            +---------+---------+-------+---------+---------+-------
      Total |    4419 |    4618 |  51.1 |     178 |      89 |  33.3
            +---------+---------+-------+---------+---------+-------
        D:1 |      26 |       7 |  21.2 |      16 |       4 |  20.0
        D:2 |     106 |       1 |   0.9 |      24 |       1 |   4.0
        D:3 |     166 |      43 |  20.6 |      25 |       1 |   3.8
        D:4 |     667 |     236 |  26.1 |      20 |       4 |  16.7
        D:5 |     749 |       0 |   0.0 |      28 |       0 |   0.0
        D:6 |     196 |     864 |  81.5 |       9 |       2 |  18.2
        D:7 |     771 |      43 |   5.3 |      21 |       1 |   4.5
        D:8 |     748 |    2442 |  76.6 |      20 |      14 |  41.2
        D:9 |     990 |     600 |  37.7 |      15 |      14 |  48.3
      Sewer |       0 |     382 | 100.0 |       0 |      48 | 100.0
            +---------+---------+-------+---------+---------+-------
